 Dungeon Crawl Stone Soup version 0.20-a0-303-g575bbf7 (webtiles) character file.

406 Jivvin the Grave Robber (level 6, -2/41 HPs)
             Began as a Demonspawn Necromancer on Dec 16, 2016.
             Splashed by an orc's acid (12 damage)
             ... on level 4 of the Dungeon.
             The game lasted 00:04:38 (4719 turns).

Jivvin the Grave Robber (Demonspawn Necromancer)    Turns: 4719, Time: 00:04:40

Health: -2/41      AC:  7    Str: 12 (13) XL:     6   Next: 56%
Magic:  9/9        EV: 12    Int: 17 (18) God:
Gold:   110        SH:  0    Dex: 14      Spells: 2/9 levels left

rFire  . . .     SeeInvis .     g - +0 whip (freeze)
rCold  . . .     Gourm    .     e - +0 leather armour
rNeg   . . .     Faith    .     (no shield)
rPois  .         Spirit   .     p - +1 hat
rElec  .         Reflect  .     (no cloak)
rCorr  .         Harm     .     (no gloves)
MR     .....                    h - +0 pair of boots
Stlth  ++........               (no amulet)
                                (no ring)
                                (no ring)

@: mighty
A: horns 1, slimy green scales 1, powered by pain 1
a: no special abilities


You were on level 4 of the Dungeon.
You were hungry.

You visited 1 branch of the dungeon, and saw 4 of its levels.

You collected 110 gold pieces.

Inventory:

Hand Weapons
 g - a +0 whip of freezing (weapon)
 i - a +1 mace
Armour
 e - a +0 leather armour (worn)
 h - a +0 pair of boots (worn)
 p - a +1 hat (worn)
Magical Staves
 q - an uncursed staff of air {unknown}
Scrolls
 a - a scroll of enchant armour {unknown}
 c - 2 scrolls of remove curse
 k - a scroll of magic mapping
Potions
 j - a potion of heal wounds
Books
 b - a book of Necromancy

   Spells                             Type                      Level
   a - Pain                           Necromancy                   1
   b - Animate Skeleton               Necromancy                   1
   c - Vampiric Draining              Necromancy                   3
   d - Regeneration                   Charms/Necromancy            3
   e - Animate Dead                   Necromancy                   4
   f - Control Undead                 Necromancy                   4
Comestibles
 d - 2 beef jerkies
 f - 8 fruits
 m - 2 meat rations


   Skills:
 + Level 4.8 Maces & Flails
 - Level 1.7 Dodging
 - Level 1.7 Stealth
 - Level 2.0 Spellcasting
 - Level 6.2 Necromancy


You had 2 spell levels left.
You knew the following spells:

 Your Spells              Type           Power        Failure   Level  Hunger
a - Pain                  Necr           ###.         1%          1    #......
b - Vampiric Draining     Necr           ###.......   8%          3    ###....
c - Regeneration          Chrm/Necr      ##........   21%         3    ###....


Dungeon Overview and Level Annotations

Branches:
Dungeon (4/15)
 Temple: D:4-7

Altars:


Innate Abilities, Weirdness & Mutations

You have a pair of small horns on your head.
You are partially covered in slimy green scales. (AC +2)
You sometimes gain a little power by taking damage.


Message History

Aiming: Vampiric Draining
Press: ? - help, Shift-Dir - straight line, f/p - orc priest
Aim: an orc priest, wielding a whip of freezing (moderately wounded)
You kill the orc priest!
You feel life coursing into your body.
You are feeling hungry.
A jackal comes into view.
The orc shouts!
You hear an angry hiss.
Things that are here:
a whip of freezing; a scroll labeled MYSOYH PAESCH; 26 gold pieces Unknown command.
g - a whip of freezing Wield which item (- for none, * to show all)? (? for menu, Esc to quit)
Your +0 whip of freezing glows with a cold blue light!
g - a +0 whip of freezing (weapon)
The orc zaps a wand.
The bolt of acid hits you!
* * * LOW HITPOINT WARNING * * *
You focus on the pain.
You feel your power returning.
You are splashed with acid!
The acid burns!
You die...

#..# *,* #..# *,*
#.####******** *,*
#.##..,,,,,,,* *,*
#..#.#******,***********,*
#..#.# ### *,,,,,,,,,,>*,* *
#..#.###.##*#########*,*,* *
#...#.....###........,,,,****
##.#.#.#....@........,>,,,,,,
#.#.##.#.###.#######*,******
#.#.###.## #o# *,* *
#.#..,### #.# *,* * #.###,*
#.#*******,*
#.#**,*****#.h,,,,,**,*
#.,,,*,,,,,..##***,**,**
*****,*****#.#** *,*,,,*****
*,* *,...,***,,,,,,,,,,


You could see an orc and a jackal (wandering).

Vanquished Creatures
  An ogre (D:4)
  A hound (D:4)
  An orc priest (D:4)
  An orc wizard (D:4)
  An iguana (D:4)
  2 worker ants (D:4)
  A howler monkey skeleton (D:3)
  7 adders
  An ooze (D:1)
  2 dart slugs
  2 worms (D:3)
  A leopard gecko (D:2)
  7 orcs
  6 giant cockroaches
  5 goblins
  8 hobgoblins
  2 jackals (D:3)
  4 quokkas
  3 ball pythons (D:2)
  4 bats
  6 frilled lizards
  9 kobolds
  9 rats
84 creatures vanquished.

Notes
Turn   | Place    | Note
-------+----------+-------------------------------------------
     0 | D:1      | Jivvin the Demonspawn Necromancer began the quest for the Orb.
     0 | D:1      | Reached XP level 1. HP: 13/13 MP: 3/3
   313 | D:1      | Gained mutation: You have a pair of small horns on your head. [demonic ancestry]
   313 | D:1      | Reached XP level 2. HP: 13/19 MP: 0/5
   476 | D:1      | Reached skill level 5 in Necromancy
  1131 | D:2      | Reached XP level 3. HP: 15/24 MP: 0/6
  1358 | D:2      | Learned a level 3 spell: Vampiric Draining
  1472 | D:2      | Found a faded altar of an unknown god.
  1610 | D:2      | Reached skill level 6 in Necromancy
  1702 | D:2      | Reached XP level 4. HP: 27/30 MP: 7/7
  1741 | D:2      | Learned a level 3 spell: Regeneration
  2237 | D:3      | Reached skill level 1 in Maces & Flails
  2344 | D:3      | HP: 1/30 [worm (10)]
  2381 | D:3      | HP: 1/30 [worm (5)]
  2914 | D:3      | Gained mutation: You are partially covered in slimy green scales. (AC +2) [demonic ancestry]
  2914 | D:3      | Reached XP level 5. HP: 26/35 MP: 0/8
  3560 | D:4      | Noticed a phantom
  3896 | D:4      | Noticed an ogre
  3956 | D:4      | Killed an ogre
  4253 | D:4      | Gained mutation: You sometimes gain a little power by taking damage. [demonic ancestry]
  4253 | D:4      | Reached XP level 6. HP: 39/41 MP: 5/9
  4719 | D:4      | Splashed by an orc's acid

Vault maps used:
D:1:      minmay_arrival_plants_in_alcoves
D:2:      chequers_ecumenical_altar_simple

Skill      XL: |  1  2  3  4  5 |
---------------+----------------+-----
Necromancy     | 5 6 |  6.2
Maces & Flails | 2 4 |  4.8
Dodging        | |  1.7
Stealth        | |  1.7
Spellcasting   | |  2.0

Action                   |  1- 3 |  4- 6 || total
-------------------------+-------+-------++-------
Melee: Unarmed           |    17 |       ||    17
       Mace              |     7 |   121 ||   128
       Headbutt          |     2 |    10 ||    12
 Cast: Pain              |    55 |    45 ||   100
       Vampiric Draining |     1 |    16 ||    17
       Regeneration      |       |     1 ||     1
  Use: Potion            |       |     1 ||     1
       Scroll            |       |     7 ||     7
 Stab: Sleeping          |       |     4 ||     4
  Eat: Chunk             |     3 |     8 ||    11
       Bread ration      |       |     1 ||     1
Armor: Robe              |    13 |    39 ||    52
       Leather armour    |       |     6 ||     6
Dodge: Dodged            |    32 |   106 ||   138
